AoeStats
← min.nicha

Nomad

509552490Analyzed
4v4 RM · 6d ago on Sep 27, 2026· 61m 9s· 8 players
Game mode
Random Map
Map size
231×231
Population
200
Speed
Normal
Resources
Standard
Victory
Conquest
Starting age
Dark Age
Ending age
Imperial Age
RankedLock teamsTeams togetherTeam positionsShared explorationLock speedFull tech treeHidden civsTurbo modeCheats
Victory
Defeat
🇦🇷 Sicilians · Argentina
935
+16
🇵🇪 Goths · Peru
919
+17
🇺🇸 Bulgarians · United States
910
+18
🇦🇷 Dravidians · Argentina
904
+18
🇨🇳 Spanish · China
973
-18
🇨🇳 Huns · China
964
-18
🇮🇳 Huns · India
932
-17
🇨🇳 Huns · China
909
-16
Fantasime
15:17 Loom
18:18 Feudal Age
20:08 Double-Bit Axe
26:28 Horse Collar
27:20 Bloodlines
33:00 Castle Age
43:33 Wheelbarrow
46:16 Castle Age
48:48 Pikeman
50:20 Gold Mining
52:58 Wheelbarrow
52:59 Arson
53:18 Squires
55:42 Bow Saw
56:07 Padded Archer Armor
56:10 Scale Mail Armor
56:21 Forging
58:32 Chain Mail Armor
58:53 Iron Casting
min.nicha
14:27 Feudal Age
20:04 Castle Age
19:59 Double-Bit Axe
20:09 Gold Mining
20:25 Padded Archer Armor
21:50 Medium Warships
39:03 Imperial Age
41:04 Gold Mining
41:04 Stone Mining
47:04 Conscription
47:36 Stone Shaft Mining
52:57 Inquisition
54:19 Wheelbarrow
风从草原走过
6:00 Loom
14:47 Feudal Age
16:40 Double-Bit Axe
19:13 Castle Age
16:56 Horse Collar
21:06 Bow Saw
25:49 Bloodlines
27:20 Husbandry
36:04 Scale Barding Armor
36:10 Forging
39:03 Imperial Age
40:59 Two-Man Saw
40:35 Wheelbarrow
39:24 Light Cavalry
40:52 Hussar
42:09 Iron Casting
42:10 Heavy Plow
45:14 Hand Cart
44:45 Town Watch
46:02 Blast Furnace
45:39 Parthian Tactics
46:59 Fletching
47:30 Chain Barding Armor
47:01 Heavy Cavalry Archer
47:47 Thumb Ring
47:45 Padded Archer Armor
48:19 Conscription
49:38 Ballistics
50:18 Chemistry
49:14 Murder Holes
49:30 Masonry
51:47 Leather Archer Armor
51:27 Bodkin Arrow
52:08 Plate Barding Armor
54:49 Town Patrol
56:18 Stone Mining
56:18 Gold Mining
56:31 Bracer
58:32 Gold Shaft Mining
58:37 Cavalier
thatzprem
12:06 Loom
15:36 Feudal Age
30:14 Bloodlines
Socrates_Johnson
17:57 Feudal Age
19:50 Scale Mail Armor
21:30 Forging
27:20 Fletching
29:32 Wheelbarrow
31:08 Double-Bit Axe
32:43 Horse Collar
37:09 Castle Age
35:19 Stone Mining
35:23 Gold Mining
35:21 Loom
35:46 Scale Barding Armor
35:59 Arson
38:15 Hand Cart
39:19 Iron Casting
39:23 Bodkin Arrow
39:38 Gambesons
41:54 Bow Saw
43:49 Heavy Plow
43:54 Squires
44:23 Chain Barding Armor
44:08 Light Cavalry
45:23 Husbandry
46:27 Bloodlines
48:52 Stone Shaft Mining
50:28 Gold Shaft Mining
56:58 Stirrups
60:11 Imperial Age
59:48 Chain Mail Armor
62:00 Blast Furnace
61:36 Plate Barding Armor
61:32 Plate Mail Armor
60:48 Hussar
60:49 Cavalier
Alichok (Rexxar)
10:02 Loom
17:56 Feudal Age
21:05 Double-Bit Axe
22:52 Man-at-Arms
26:09 Gold Mining
27:56 Wheelbarrow
30:01 Castle Age
28:39 Horse Collar
30:49 Long Swordsman
31:31 Squires
32:09 Forging
32:00 Scale Mail Armor
34:06 Chain Mail Armor
36:30 Iron Casting
45:54 Heavy Plow
48:25 Bow Saw
51:29 Imperial Age
50:56 Hand Cart
51:42 Anarchy
52:53 Conscription
52:36 Perfusion
51:59 Elite Huskarl
54:01 Blast Furnace
55:58 Scale Barding Armor
57:25 Coinage
57:06 Guilds
57:26 Chain Barding Armor
56:42 Two-Handed Swordsman
ricky
4:09 Loom
20:20 Feudal Age
20:31 Man-at-Arms
21:14 Fishing Lines
26:29 Castle Age
25:56 Double-Bit Axe
27:25 Squires
27:49 Fletching
28:25 Gillnets
32:15 Wheelbarrow
32:17 Bodkin Arrow
35:53 Medium Warships
36:50 Hand Cart
37:46 Ballistics
40:05 Murder Holes
40:24 Forging
41:26 Masonry
46:11 Imperial Age
45:30 Padded Archer Armor
45:43 Careening
45:08 Elite Skirmisher
48:49 Chemistry
47:55 Siege Engineers
47:37 Arrowslits
47:54 Bracer
48:10 Leather Archer Armor
49:15 Bow Saw
49:43 Iron Casting
49:21 Clinker Construction
50:54 Blast Furnace
51:02 Scale Mail Armor
51:32 Dry Dock
51:10 Cranequins
55:05 Heavy Warships
54:50 Heavy Mounted Crossbowman
55:41 Scale Barding Armor
57:46 Long Swordsman
60:10 Town Watch
60:44 Chain Mail Armor
knoxville2049
3:49 Loom
14:58 Feudal Age
15:27 Double-Bit Axe
20:00 Fletching
22:27 Stone Mining
25:12 Castle Age
23:53 Horse Collar
26:18 Bodkin Arrow
28:50 Elite Skirmisher
32:48 Bow Saw
34:35 Wheelbarrow
34:51 Ballistics
35:40 Hand Cart
41:28 Imperial Age
40:33 Heavy Plow
43:31 Two-Man Saw
44:21 Hoardings
44:02 Masonry
45:41 Chemistry
44:36 Murder Holes
46:24 Scale Barding Armor
46:20 Padded Archer Armor
46:21 Bracer
47:28 Medical Corps
47:45 Wootz Steel
50:26 Leather Archer Armor
50:32 Chain Barding Armor
50:15 Pikeman
50:55 Squires
50:41 Arson
50:43 Gambesons
51:49 Ring Archer Armor
51:36 Forging
51:44 Town Watch
52:47 Conscription
54:11 Iron Casting
54:01 Halberdier
58:20 Scale Mail Armor
59:23 Blast Furnace
60:02 Chain Mail Armor
Connection lost

Rejoining the realm…

Still unreachable

The connection could not be restored.

Session expired

The server has moved on; the page needs a fresh start.